 Dungeon Crawl Stone Soup version 0.18.1-50-g88ac8fd (webtiles) character file.

1246 Letos the Slasher (level 8, -3/64 HPs)
             Began as a Formicid Fighter on Oct 20, 2016.
             Was a Follower of Okawaru.
             Slain by an orc priest
             ... wielding a +0 morningstar
              (8 damage)
             ... on level 6 of the Dungeon.
             The game lasted 00:06:40 (3870 turns).

Letos the Slasher (Formicid Fighter)                Turns: 3870, Time: 00:06:40

Health: -3/64      AC: 11    Str: 27    XL:     8   Next: 79%
Magic:  8/8        EV:  4    Int:  7    God:    Okawaru [*.....]
Gold:   345        SH:  8    Dex: 12    Spells: 0 memorised, 7 levels left

rFire  . . .     SeeInvis +     a - +0 long sword
rCold  . . .     Gourm    .     z - +0 plate armour
rNeg   . . .     Faith    .     c - +0 shield
rPois  +         Spirit   .     (helmet unavailable)
rElec  .         Dismiss  .     (no cloak)
rCorr  .         Reflect  .     e - +0 pair of gloves
SustAt .         Harm     .     (no boots)
MR     .....                    (no amulet)
Stlth  ..........               s - +1 ring of evasion
                                l - ring of poison resistance

@: mighty, very heavily drained, not resistant to hostile enchantments,
extremely unstealthy
A: permanent stasis, dig shafts and tunnels, four strong arms, antennae 3
a: Dig, Shaft Self, Heroism, Renounce Religion


You were on level 6 of the Dungeon.
You worshipped Okawaru.
Okawaru was aware of your devotion.
You were not hungry.

You visited 2 branches of the dungeon, and saw 7 of its levels.

You collected 345 gold pieces.

Inventory:

Hand Weapons
 a - a +0 long sword (weapon)
Armour
 c - a +0 shield (worn)
 e - a +0 pair of gloves (worn)
 z - a +0 plate armour (worn)
Jewellery
 g - an uncursed ring of ice
 l - a ring of poison resistance (left hand)
 s - a +1 ring of evasion (right hand)
 y - an uncursed amulet of harm
 G - an uncursed amulet of the gourmand
Wands
 w - a wand of confusion (41/48)
 C - a wand of iceblast (11/15)
Scrolls
 b - 6 scrolls of teleportation {unknown}
 h - 2 scrolls of fear {unknown}
 i - a scroll of magic mapping {unknown}
 m - 4 scrolls of remove curse {unknown}
 n - a scroll of identify {unknown}
 p - a scroll of enchant armour {unknown}
 r - a scroll of fog {unknown}
 D - a scroll of immolation {unknown}
Potions
 j - 3 potions of brilliance {unknown}
 o - 2 potions of berserk rage {unknown}
 q - a potion of lignification {unknown}
 t - 3 potions of agility {unknown}
 u - a potion of invisibility {unknown}
 A - 2 potions of curing {unknown}
 B - a potion of haste {unknown}
 I - a potion of cure mutation {unknown}
Books
 H - a Young Poisoner's Handbook

   Spells                             Type                      Level
   a - Sting                          Conjuration/Poison           1
   b - Cure Poison                    Poison                       2
   c - Mephitic Cloud                 Conjuration/Poison/Air       3
   d - Olgreb's Toxic Radiance        Poison                       4
   e - Venom Bolt                     Conjuration/Poison           5
Comestibles
 f - 5 bread rations
 k - 3 meat rations
 v - 4 slices of pizza
 x - 2 royal jellies
 E - 2 chunks of flesh
 F - 2 fruits


   Skills:
 + Level 5.8(0.0) Fighting
 * Level 7.1(0.0) Long Blades
 + Level 5.4(0.0) Armour
 + Level 6.1(0.0) Shields


You had 7 spell levels left.
You didn't know any spells.

Dungeon Overview and Level Annotations

Branches:
Dungeon (6/15)             Temple (1/1) D:4

Altars:
Ashenzari
Cheibriados
Dithmenos
Elyvilon
Fedhas
Gozag
Kikubaaqudgha
Makhleb
Nemelex Xobeh
Okawaru
Pakellas
Qazlal
Sif Muna
Trog
Vehumet
Xom
Yredelemnul
Zin


Innate Abilities, Weirdness & Mutations

You are under a permanent stasis effect.
You can dig through walls and to a lower floor.
Your four strong arms can wield two-handed weapons with a shield.
You have a pair of large antennae on your head (SInv).


Message History

The orc wizard hits you with a dagger of draining.
* * * LOW HITPOINT WARNING * * *
You feel drained.
You closely miss the orc wizard. You block the orc wizard's attack.
The orc wizard hits you but does no damage.
You feel drained.
The orc priest looks braver for a moment.
You hit the orc wizard but do no damage.
The orc wizard barely misses you.
The orc wizard hits you but does no damage.
You feel drained.
You slash the orc wizard!
You kill the orc wizard!
Okawaru accepts your kill.
The orc priest hits you but does no damage.
You completely miss the orc priest.
The orc priest hits you but does no damage.
Your plate armour prevents you from hitting the orc priest.
The orc priest hits you with a morningstar!
You die...

########## .........
......... ..........
## ...... .... ..
....# ###.###.# ...#
#...o@..# ####..#
#.#.######## ......#
#...........
###...######.########
#....................
#.#.>..........o.....
#.#..#######.........
#...<................
#....##############'#


You could see an orc priest.

Vanquished Creatures
  A hippogriff (D:4)
  The ghost of lanetrain the Firebug, an amateur DrFE of Ashenzari (D:3)
  A water moccasin (D:6)
  A necrophage (D:5)
  A phantom (D:4)
  A giant frog (D:5)
  A hound (D:6)
  2 orc priests
  A centaur skeleton (D:4)
  A giant frog skeleton (D:5)
  Natasha (thrice) (D:3)
  5 orc wizards
  3 worker ants (D:5)
  4 gnolls (D:5)
  5 adders
  An ooze (D:3)
  An adder skeleton (D:4)
  A worm (D:2)
  2 dart slugs
  5 giant geckos
  16 orcs
  7 giant cockroaches
  4 goblins
  8 hobgoblins
  5 jackals
  9 kobolds
  A quokka (D:2)
  A ball python (D:3)
  8 bats
  A giant newt (D:1)
  10 rats
111 creatures vanquished.

Notes
Turn   | Place    | Note
--------------------------------------------------------------
     0 | D:1      | Letos the Formicid Fighter began the quest for the Orb.
     0 | D:1      | Reached XP level 1. HP: 18/18 MP: 1/1
    46 | D:1      | Reached XP level 2. HP: 12/24 MP: 2/2
   337 | D:1      | Reached XP level 3. HP: 28/29 MP: 3/3
   634 | D:2      | Reached skill level 3 in Long Blades
   675 | D:2      | Reached XP level 4. HP: 37/37 MP: 4/4
  1124 | D:3      | Found a blossoming altar of Fedhas.
  1133 | D:3      | Noticed lanetrain's ghost (amateur DrFE)
  1146 | D:3      | Killed lanetrain's ghost
  1146 | D:3      | Reached skill level 4 in Long Blades
  1146 | D:3      | Reached XP level 5. HP: 27/42 MP: 5/5
  1146 | D:3      | Reached XP level 6. HP: 31/48 MP: 6/6
  1264 | D:3      | Noticed Natasha
  1274 | D:3      | Killed Natasha
  1274 | D:3      | Reached skill level 5 in Long Blades
  1323 | D:3      | Noticed Natasha
  1329 | D:3      | Killed Natasha
  1421 | D:3      | Noticed Natasha
  1426 | D:3      | Killed Natasha
  1646 | D:4      | Noticed a hippogriff
  1651 | D:4      | Noticed a phantom
  1660 | D:4      | Killed a hippogriff
  1660 | D:4      | Reached XP level 7. HP: 31/55 MP: 7/7
  1675 | D:4      | Reached skill level 5 in Shields
  2158 | D:4      | Reached skill level 5 in Fighting
  2170 | D:4      | Reached skill level 6 in Long Blades
  2331 | D:4      | Found a staircase to the Ecumenical Temple.
  2342 | Temple   | Entered the Ecumenical Temple
  2348 | Temple   | Became a worshipper of Warmaster Okawaru
  2377 | D:5      | Entered Level 5 of the Dungeon
  2580 | D:5      | Found a shadowy altar of Dithmenos.
  2591 | D:5      | Reached XP level 8. HP: 51/62 MP: 8/8
  2969 | D:5      | Found a burning altar of Makhleb.
  3388 | D:5      | Reached skill level 5 in Armour
  3529 | D:5      | Reached * piety under Okawaru
  3725 | D:6      | Reached skill level 7 in Long Blades
  3865 | D:6      | HP: 3/64 [orc wizard/dagger of draining (2)]
  3870 | D:6      | Slain by an orc priest

Skill      XL: |  1  2  3  4  5  6  7  8 |
---------------+-------------------------+-----
Long Blades    | 3 4 5 6 7 |  7.1
Shields        | 4 5 6 |  6.1
Fighting       | 4 5 |  5.8
Armour         | 4 5 |  5.4

Action                   |  1- 3 |  4- 6 |  7- 9 || total
-------------------------+-------+-------+-------++-------
Melee: Long sword        |   112 |   128 |   261 ||   501
 Abil: Dig               |       |       |     5 ||     5
  Use: Potion            |       |     1 |     1 ||     2
  Eat: Chunk             |       |     3 |     8 ||    11
Armor: Scale mail        |    22 |       |       ||    22
       Chain mail        |    73 |    69 |     4 ||   146
       Plate armour      |       |       |    94 ||    94
Dodge: Dodged            |    35 |    38 |    52 ||   125
Block: Shield            |    73 |    69 |   110 ||   252
